 Dungeon Crawl Stone Soup version 0.20.0-4-g10b340a (webtiles) character file.

72 Monsterracer the Caller (level 4, -6/24 HPs)
             Began as a Tengu Summoner on May 27, 2017.
             Mangled by Crazy Yiuf
             ... wielding a +3 quarterstaff of chaos
              (8 damage)
             ... while paralysed by Crazy Yiuf
             ... on level 3 of the Dungeon.
             The game lasted 00:07:15 (3093 turns).

Monsterracer the Caller (Tengu Summoner)            Turns: 3093, Time: 00:07:16

Health: -6/24      AC:  2    Str:  9    XL:     4   Next: 26%
Magic:  2/9        EV:  2    Int: 16    God:
Gold:   121        SH:  0    Dex: 14    Spells: 2/8 levels left

rFire    . . .     SeeInvis .   m - +0 spear
rCold    . . .     Gourm    .   (no shield)
rNeg     . . .     Faith    +   a - +0 robe
rPois    .         Spirit   .   (helmet restricted)
rElec    .         Reflect  .   (no cloak)
rCorr    .         Harm     .   (no gloves)
MR       +....                  (boots unavailable)
Stlth    ++........             e - amulet of faith
Regen    0.1/turn               h - ring of protection from magic
MPRegen  0.2/turn               (no ring)

@: paralysed
A: beak, talons 3
a: no special abilities


You were on level 3 of the Dungeon.
You were hungry.

You visited 1 branch of the dungeon, and saw 3 of its levels.

You collected 121 gold pieces.

Inventory:

Hand Weapons
 m - a +0 spear (weapon)
Armour
 a - a +0 robe (worn)
Jewellery
 d - an uncursed ring of ice
 e - an amulet of faith (around neck)
 h - a ring of protection from magic (left hand)
Scrolls
 g - a scroll of blinking {unknown}
 i - a scroll of identify {unknown}
 k - a scroll of teleportation {unknown}
 l - 3 scrolls of remove curse {unknown}
 n - 2 scrolls of immolation {unknown}
 o - a scroll of enchant armour {unknown}
 r - a scroll of amnesia {unknown}
 s - a scroll of fog {unknown}
Potions
 p - a potion of flight
Books
 b - a book of Callings

   Spells                             Type                      Level
   a - Summon Small Mammal            Summoning                    1
   b - Call Imp                       Summoning                    2
   c - Call Canine Familiar           Summoning                    3
   d - Summon Guardian Golem          Hexes/Summoning              3
   e - Summon Lightning Spire         Summoning/Air                4
   f - Summon Ice Beast               Ice/Summoning                4
Comestibles
 c - 4 bread rations
 f - 3 meat rations
 j - 2 royal jellies


   Skills:
 * Level 1.2 Polearms
 - Level 2.1 Dodging
 - Level 2.0 Stealth
 + Level 2.6 Spellcasting
 * Level 6.1 Summonings


You had 2 spell levels left.
You knew the following spells:

 Your Spells              Type           Power        Failure   Level  Hunger
a - Summon Small Mammal   Summ           ###.         1%          1    #......
b - Call Imp              Summ           ###.....     2%          2    ##.....
c - Call Canine Familiar  Summ           ###.....     4%          3    ###....


Dungeon Overview and Level Annotations

Branches:
Dungeon (3/15)

Altars:
Ashenzari
Gozag
Qazlal
Yredelemnul
The Shining One

Annotations:
D:3 Crazy Yiuf


Innate Abilities, Weirdness & Mutations

You have a beak for a mouth.
You have claws for feet.


Message History

You reach to attack!
You hit Crazy Yiuf.
Crazy Yiuf is heavily wounded.
Crazy Yiuf hits your hound with a quarterstaff of chaos.
Crazy Yiuf drains your hound!
Your hound bites Crazy Yiuf.
Attack whom?
Press: ? - help, Dir - move target cursor, f/p - Crazy Yiuf
Aim: Crazy Yiuf, wielding a quarterstaff of chaos and wearing a runed cloak (heavily wounded, berserk, fast, unusually strong)
You reach to attack!
You hit Crazy Yiuf.
Crazy Yiuf is severely wounded.
Crazy Yiuf hits your hound with a quarterstaff of chaos!!
Your hound dies!
Your hound's corpse disappears in a puff of smoke!
You hit Crazy Yiuf. You claw Crazy Yiuf, but do no damage.
Crazy Yiuf is severely wounded.
Crazy Yiuf hits you with a quarterstaff of chaos!!
Ouch! That really hurt!
* * * LOW HITPOINT WARNING * * *
You suddenly lose the ability to move!
Crazy Yiuf hits you with a quarterstaff of chaos!
You die...

##... ##.... #.....
#..... #..... ###
♣♣#### #..... #)))#♣♣
♣♣.#..###.....
#.).'g♣♣♣♣.............
#...#♣@)♣).....#####...
### ♣♣♣.♣..#...# ##..#
♣♣♣♣♣###.###.†##
#..#..### ##.......
##..#... #..##.##
#..##..# ...##..##


You could see Crazy Yiuf (berserk).

Vanquished Creatures
  A worm (D:2)
  2 leopard geckos
  A giant cockroach (D:3)
  A hobgoblin (D:1)
  4 jackals
  4 kobolds
  A ball python (D:1)
  3 bats
  A frilled lizard (D:2)
  3 goblins (D:1)
  6 rats
27 creatures vanquished.

Vanquished Creatures (collateral kills)
  4 adders
  A worm (D:2)
  A dart slug (D:1)
  2 bats (D:1)
  2 giant cockroaches (D:1)
  2 goblins
  4 hobgoblins
  4 jackals
  A ball python (D:1)
  3 kobolds (D:1)
  A rat (D:1)
25 creatures vanquished.

Grand Total: 52 creatures vanquished

Notes
Turn   | Place    | Note
-------+----------+-------------------------------------------
     0 | D:1      | Monsterracer the Tengu Summoner began the quest for the Orb.
     0 | D:1      | Reached XP level 1. HP: 10/10 MP: 4/4
    24 | D:1      | Reached skill level 5 in Summonings
   448 | D:1      | Reached XP level 2. HP: 8/15 MP: 6/6
   452 | D:1      | Learned a level 2 spell: Call Imp
  1750 | D:1      | Reached XP level 3. HP: 17/19 MP: 7/7
  1823 | D:1      | Learned a level 3 spell: Call Canine Familiar
  2219 | D:2      | Found a stormy altar of Qazlal.
  2229 | D:2      | Found a shattered altar of Ashenzari.
  2229 | D:2      | Found an opulent altar of Gozag.
  2230 | D:2      | Found a glowing golden altar of the Shining One.
  2812 | D:3      | Reached skill level 6 in Summonings
  2812 | D:3      | Reached XP level 4. HP: 23/24 MP: 6/8
  2814 | D:3      | Reached skill level 1 in Polearms
  2881 | D:3      | Found a basalt altar of Yredelemnul.
  3072 | D:3      | Found a runed door.
  3080 | D:3      | Noticed Crazy Yiuf
  3092 | D:3      | Paralysed by Crazy Yiuf for 2 turns
  3093 | D:3      | Mangled by Crazy Yiuf

Skill      XL: |  1  2  3  4 |
---------------+-------------+-----
Summonings     | 5 6 |  6.1
Polearms       | 1 |  1.2
Dodging        | |  2.1
Stealth        | |  2.0
Spellcasting   | |  2.6

Action                   |  1- 3 |  4- 6 || total
-------------------------+-------+-------++-------
Melee: Mace              |    61 |       ||    61
       Peck              |     8 |     2 ||    10
       Kick              |     8 |     6 ||    14
       Spear             |    17 |    32 ||    49
 Cast: Summon Small Mamm |    15 |       ||    15
       Call Imp          |    18 |     5 ||    23
       Call Canine Famil |       |     2 ||     2
  Use: Potion            |     3 |     1 ||     4
 Stab: Sleeping          |     5 |       ||     5
  Eat: Chunk             |     7 |     1 ||     8
Armor: Robe              |    17 |    10 ||    27
Dodge: Dodged            |    51 |    20 ||    71
